AoeStats
← ArminGN

Arena

510609110Analyzed
1v1 RM · 24h ago on Oct 1, 2026· 46m 38s· 2 players
Game mode
Random Map
Map size
Tiny (2 player)
Population
200
Speed
Normal
Resources
Standard
Victory
Conquest
Starting age
Dark Age
Ending age
Imperial Age
RankedLock teamsTeams togetherTeam positionsShared explorationLock speedFull tech treeHidden civsTurbo modeCheats
Victory
Defeat
🇸🇪 Turks · Sweden
616
+19
🇫🇷 Japanese · France
671
-43
ArminGN
10:27 Feudal Age
11:06 Horse Collar
18:22 Castle Age
16:38 Double-Bit Axe
17:03 Stone Mining
17:52 Forging
20:03 Heavy Plow
29:16 Imperial Age
28:06 Wheelbarrow
28:11 Bow Saw
29:54 Iron Casting
29:21 Padded Archer Armor
29:12 Fletching
32:03 Masonry
32:49 Squires
34:01 Blast Furnace
33:44 Husbandry
33:58 Bloodlines
35:41 Architecture
35:12 Arrowslits
38:15 Leather Archer Armor
37:56 Bodkin Arrow
38:08 Scale Barding Armor
38:54 Ballistics
38:56 Bombard Tower
40:32 Ring Archer Armor
40:03 Bracer
42:58 Chain Barding Armor
46:17 Murder Holes
47:02 Plate Barding Armor
lgs.charles
12:21 Feudal Age
12:47 Double-Bit Axe
13:44 Wheelbarrow
16:08 Horse Collar
17:38 Town Watch
19:04 Scale Mail Armor
19:05 Padded Archer Armor
19:12 Scale Barding Armor
19:18 Forging
20:20 Fletching
20:25 Loom
26:52 Castle Age
28:32 Bow Saw
28:31 Elite Skirmisher
28:34 Pikeman
29:20 Squires
30:00 Gambesons
30:36 Hand Cart
30:30 Heavy Plow
36:33 Town Patrol
36:32 Gold Mining
36:33 Stone Mining
37:50 Town Patrol
40:27 Fervor
40:40 Sanctity
41:00 Chain Mail Armor
Connection lost

Rejoining the realm…

Still unreachable

The connection could not be restored.

Session expired

The server has moved on; the page needs a fresh start.